 Dungeon Crawl Stone Soup version 0.26.1-2-gb8aa6d0cf2 (webtiles) character file.

Game seed: 14169449650643149828

2564 ubername the Cudgeller (level 9, 0/68 HPs)
             Began as a Demonspawn Berserker on Mar 16, 2021.
             Was a High Priest of Trog.
             Slain by a bullfrog (2 damage)
             ... on level 8 of the Dungeon.
             The game lasted 00:15:38 (8947 turns).

ubername the Cudgeller (Demonspawn Berserker)       Turns: 8947, Time: 00:15:39

Health: 0/68       AC: 16    Str: 19    XL:     9   Next: 31%
Magic:  9/9        EV:  8    Int: 10    God:    Trog [*****.]
Gold:   395        SH: 16    Dex: 13    Spells: 8/8 levels left

rFire    . . .     SeeInvis .   a - +1 mace
rCold    + + .     Faith    .   x - +2 kite shield
rNeg     . . .     Spirit   .   n - +0 ice dragon scales
rPois    .         Reflect  +   (helmet restricted)
rElec    .         Harm     .   z - +0 cloak
rCorr    .         Rampage  .   q - +0 pair of gloves
Will     +....     Rnd*Tele +   (no boots)
Stlth    ..........             p - amulet of reflection
HPRegen  0.21/turn              C - ring of teleportation
MPRegen  0.11/turn              s - ring of willpower

@: berserk cooldown, slowed, very slow
A: antennae 2, icy blue scales 2, fire resistance 1
a: Renounce Religion, Berserk, Trog's Hand, Brothers in Arms


You were on level 8 of the Dungeon.
You worshipped Trog.
Trog was extremely pleased with you.
You visited 1 branch of the dungeon, and saw 8 of its levels.

You collected 395 gold pieces.

Inventory:

Hand Weapons
 a - a +1 mace (weapon)
 b - the +3 dagger of the Tiger {flame, +Inv rPois rC+++ Str-5}
   (You found it on level 4 of the Dungeon)

   It has been specially enchanted to burn those struck by it, causing extra
   injury to most foes and up to half again as much damage against particularly
   susceptible opponents.
   It affects your strength (-5).
   It renders you almost immune to cold.
   It protects you from poison.
   It lets you turn invisible.
Missiles
 r - 14 poisoned darts (quivered)
Armour
 n - +0 ice dragon scales (worn)
 q - a +0 pair of gloves (worn)
 x - a +2 kite shield (worn)
 z - a +0 cloak (worn)
Jewellery
 f - an uncursed amulet of magic regeneration
 j - an uncursed ring of flight
 p - an amulet of reflection (around neck)
 s - a ring of willpower (right hand)
 C - a ring of teleportation (left hand)
Wands
 t - a wand of disintegration (4)
 v - a wand of flame (12)
 y - a wand of digging (8)
Scrolls
 c - a scroll of magic mapping
 d - a scroll of fear
 h - 6 scrolls of identify
 i - 7 scrolls of teleportation
 k - 2 scrolls of remove curse
 m - 2 scrolls of fog
 o - 2 scrolls of enchant weapon
Potions
 e - 3 potions of curing


   Skills:
 + Level 5.2 Fighting
 + Level 7.7 Maces & Flails
 + Level 3.6 Throwing
 + Level 5.1 Armour
 + Level 3.6 Dodging
 + Level 1.9 Stealth
 + Level 3.2 Shields


You had 8 spell levels left.
You didn't know any spells.
Your spell library contained the following spells:

 Spells                   Type           Power        Failure   Level
 Confusing Touch          Hex            0%           100%        3
 Gell's Gravitas          Tloc           0%           100%        3
 Petrify                  Tmut/Erth      0%           100%        4
 Metabolic Englaciation   Hex/Ice        0%           100%        5
 Yara's Violent Unravell  Hex/Tmut       0%           100%        5


Dungeon Overview and Level Annotations

Branches:
Dungeon (8/15)             Temple (0/1) D:4
   Lair: D:8-11

Altars:
Dithmenos
Hepliaklqana
Uskayaw
Xom


Innate Abilities, Weirdness & Mutations

You have a pair of antennae on your head.
You are mostly covered in icy blue scales. (AC +3)
Your flesh is heat resistant. (rF+)


Message History

You block the bullfrog's attack.
The orc throws a boomerang.
You reflect the boomerang off an invisible shield around you!
The boomerang hits the hound skeleton.
The weapon returns to the orc!
The bullfrog hits you but does no damage.
You see here a cursed -2 giant club.
The bullfrog hits you but does no damage.
You block the hound skeleton's attack. Something hits you but does no damage.
You block the orc's attack. You block the bullfrog's attack.
The orc hits you with a +0 war axe.
* * * LOW HITPOINT WARNING * * *
You block the hound skeleton's attack.
There is a stone staircase leading up, spattered with blood here.
The bullfrog hits you but does no damage.
You hear some strange, mumbled words.
A magic dart appears from out of thin air!
The magic dart hits you.
* * * LOW HITPOINT WARNING * * *
You block the orc's attack. You block the hound skeleton's attack.
The bullfrog hits you.
You die...

.. ##.. #...# ##
##....## ...
##......## ....
#.....#§§## #....
.....§§§§§##.....
....§§o§§§.....#
#...§§Z@F§....#
.#...§o§{§.##.#
#.......÷.##
#.......÷##
#...<.....#
#(..........
...#......##..
...##.....# ...
.. ......# ..


You could see a bullfrog, 2 orcs and a hound skeleton.

Vanquished Creatures
  2 wargs
  Duvessa (D:5)
  A black bear (D:6)
  3 sky beasts
  An ice beast (D:6)
  An orc warrior (D:6)
  5 ogres
  A centaur (D:5)
  2 bullfrogs (D:6)
  Dowan (D:5)
  A howler monkey (D:8)
  2 hounds
  4 orc priests
  A bullfrog skeleton (D:4)
  2 jellies
  A quasit (D:7)
  2 centaur skeletons
  Jessica (D:2)
  An iguana (D:6)
  Ijyb (D:5)
  3 orc wizards
  8 worker ants
  A hound skeleton (D:7)
  2 worker ant zombies (D:7)
  3 gnolls (D:3)
  5 adders
  A shadow imp (D:6)
  An ufetubus (D:7)
  3 oozes
  3 adder skeletons
  An adder zombie (D:5)
  2 worms
  8 leopard geckos
  19 orcs
  2 giant cockroaches
  6 goblins
  10 hobgoblins
  12 jackals
  6 kobolds
  3 quokkas
  2 ball pythons
  9 bats
  9 frilled lizards
  2 jackal skeletons
  A quokka skeleton (D:4)
  A quokka zombie (D:7)
  12 rats
169 creatures vanquished.

Vanquished Creatures (others)
  13 plants (D:3)
13 creatures vanquished.

Grand Total: 182 creatures vanquished

Notes
Turn   | Place    | Note
-------+----------+-------------------------------------------
     0 | D:1      | ubername the Demonspawn Berserker began the quest for the
                  | Orb.
     0 | D:1      | Reached XP level 1. HP: 18/18 MP: 1/1
   353 | D:1      | Reached skill level 3 in Maces & Flails
   353 | D:1      | Gained mutation: You have a pair of small antennae on your
                  | head. [demonic ancestry]
   353 | D:1      | Reached XP level 2. HP: 24/24 MP: 2/2
  1064 | D:1      | Reached XP level 3. HP: 28/29 MP: 3/3
  1426 | D:1      | Reached ** piety under Trog
  2007 | D:2      | Gained mutation: You have a pair of antennae on your head.
                  | [demonic ancestry]
  2007 | D:2      | Reached XP level 4. HP: 31/37 MP: 4/4
  2057 | D:2      | Noticed Jessica
  2064 | D:2      | Killed Jessica
  2115 | D:2      | Found a shadowy altar of Dithmenos.
  2789 | D:3      | Found a shimmering altar of Xom.
  2834 | D:3      | Reached skill level 4 in Maces & Flails
  2839 | D:3      | Gained mutation: You are partially covered in icy blue
                  | scales. (AC +2) [demonic ancestry]
  2839 | D:3      | Reached XP level 5. HP: 33/42 MP: 5/5
  3107 | D:3      | Reached *** piety under Trog
  3155 | D:3      | Found a hazy altar of Hepliaklqana.
  3214 | D:3      | Found a faded altar of an unknown god.
  3850 | D:4      | Found a staircase to the Ecumenical Temple.
  3856 | D:4      | Got a shimmering dagger
  3865 | D:4      | Identified the +3 dagger of the Tiger {flame, +Inv rPois
                  | rC+++ Str-5} (You found it on level 4 of the Dungeon)
  4232 | D:4      | Gained mutation: You are mostly covered in icy blue scales.
                  | (AC +3) [demonic ancestry]
  4232 | D:4      | Reached XP level 6. HP: 48/48 MP: 6/6
  4251 | D:4      | Reached skill level 1 in Stealth
  4270 | D:4      | Reached skill level 5 in Maces & Flails
  5354 | D:5      | Entered Level 5 of the Dungeon
  5404 | D:5      | Reached XP level 7. HP: 49/55 MP: 7/7
  5561 | D:5      | Noticed Ijyb
  5573 | D:5      | Killed Ijyb
  5756 | D:5      | Reached skill level 6 in Maces & Flails
  6067 | D:5      | Noticed Duvessa
  6068 | D:5      | Noticed Dowan
  6076 | D:5      | Killed Dowan
  6081 | D:5      | Killed Duvessa
  6407 | D:5      | Reached XP level 8. HP: 61/61 MP: 8/8
  6737 | D:6      | Reached **** piety under Trog
  6738 | D:6      | Reached skill level 5 in Fighting
  6738 | D:6      | Reached skill level 1 in Throwing
  7269 | D:6      | Reached skill level 7 in Maces & Flails
  7530 | D:6      | Reached skill level 1 in Shields
  7777 | D:6      | Found a hide-covered altar of Uskayaw.
  8243 | D:7      | Gained mutation: Your flesh is heat resistant. (rF+)
                  | [demonic ancestry]
  8243 | D:7      | Reached XP level 9. HP: 68/68 MP: 9/9
  8669 | D:8      | Reached skill level 5 in Armour
  8870 | D:7      | Reached ***** piety under Trog
  8941 | D:8      | HP: 3/68 [bullfrog (5)]
  8946 | D:8      | HP: 3/68 [orc/+0 war axe (1)]
  8947 | D:8      | Slain by a bullfrog

Illustrated notes

Levels and vault maps discovered:
D:1:      ebering_trefoil_twist, layout_rooms
D:2:      layout_rooms, grunt_dithmenos_smoke, uniq_jessica
D:3:      layout_basic, nzn_hepliaklqana_mist_gate, overflow_temple_1_default,
          chequers_ecumenical_altar_simple, lexackson_kobold_supper
D:4:      layout_basic, minmay_temple_entry_offerings,
          chequers_serial_rivers_micro_e, kennysheep_generic_room_7
D:5:      layout_gridville, uniq_duvessa, uniq_ijyb
D:6:      layout_layer_cave, kennysheep_mini, minmay_misc_feat_columns,
          hex_large
D:7:      layout_rooms
D:8:      layout_layer_cave, kennysheep_little_box, erik_lair_orcish_takeover,
          serial_shops, nicolae_shop_behind_doors, enter_ossuary_2

Skill      XL: |  1  2  3  4  5  6  7  8  9 |
---------------+----------------------------+-----
Maces & Flails | 3 4 5 6 7 |  7.7
Dodging        | 2 3 |  3.6
Fighting       | 4 5 |  5.2
Armour         | 2 3 4 5 |  5.1
Stealth        | 1 |  1.9
Throwing       | 3 |  3.6
Shields        | 2 3 |  3.2

Action                   |  1- 3 |  4- 6 |  7- 9 || total
-------------------------+-------+-------+-------++-------
Melee: Mace              |   123 |   250 |   349 ||   722
Throw: Dart              |       |       |    93 ||    93
Invok: Berserk           |     4 |     5 |     7 ||    16
  Use: Scroll            |       |       |     9 ||     9
       Potion            |       |       |     6 ||     6
 Stab: Sleeping          |     3 |       |       ||     3
       Invisible         |       |       |     1 ||     1
Armor: Animal skin       |    28 |     1 |       ||    29
       Ice dragon scales |       |   136 |   240 ||   376
Dodge: Dodged            |   104 |   145 |   149 ||   398
Block: Other             |       |       |    19 ||    19
       Kite shield       |       |       |   246 ||   246
       Reflection        |       |       |     4 ||     4
